 Dungeon Crawl Stone Soup version 0.28.0-45-g0d030f2227 (webtiles) character file.

Game seed: 1776304977702679226

71 L33tCrusader the Ruffian (level 4, -21/41 HPs)
             Began as a Troll Transmuter on Apr 9, 2022.
             Demolished by a polar bear (25 damage)
             ... created by the rage of Trog
             ... on level 2 of the Dungeon.
             The game lasted 00:10:08 (1376 turns).

L33tCrusader the Ruffian (Troll Transmuter)         Turns: 1376, Time: 00:10:08

Health: -21/41     AC:  4    Str: 17 (20) XL:     4   Next: 5%
Magic:  5/5        EV: 10    Int:  9      God:
Gold:   81         SH:  0    Dex: 10      Spells: 0/6 levels left

rFire   . . .      SeeInvis .     - Unarmed
rCold   . . .      Faith    .   (no shield)
rNeg    . . .      Spirit   .   a - +0 robe
rPois   .          Reflect  .   (helmet restricted)
rElec   .          Harm     .   (no cloak)
rCorr   .          Rampage  .   (gloves unavailable)
Will    .....                   (boots unavailable)
Stlth   +.........              (no amulet)
HPRegen 0.93/turn               (no ring)
MPRegen 0.09/turn               (no ring)

@: confused
A: large, unfitting armour, claws 3, regeneration 1, shaggy fur 1, tough skin 1
a: no special abilities


You were on level 2 of the Dungeon.
You visited 1 branch of the dungeon, and saw 2 of its levels.

You collected 81 gold pieces.

Inventory:

Missiles
 l - 5 boomerangs of dispersal
Armour
 a - a +0 robe (worn)
 f - a +0 robe
Scrolls
 h - a scroll of teleportation
Potions
 c - 4 potions of lignification
 d - a potion of invisibility {unknown}
 e - 2 potions of curing {unknown}
 g - 2 potions of flight


   Skills:
 + Level 1.2 Fighting
 + Level 2.0 Dodging
 * Level 3.6 Unarmed Combat
 + Level 1.6 Spellcasting
 + Level 1.9 Transmutations


You couldn't memorise any spells.
You knew the following spells:

 Your Spells              Type           Power      Damage    Failure   Level
a - Beastly Appendage     Tmut           8%         N/A       16%         1
b - Wereblood             Tmut           4%         N/A       24%         2
c - Spider Form           Tmut/Pois      2%         N/A       56%         3

Your spell library contained the following spells:

 Spells                   Type           Power      Damage    Failure   Level
 Ice Form                 Ice/Tmut       2%         N/A       93%         4


Dungeon Overview and Level Annotations

Branches:
Dungeon (2/15)

Altars:
Trog


Innate Abilities, Weirdness & Mutations

You are too large for most types of armour.
You have claws for hands.
Your natural rate of healing is unusually fast.
You are covered in fur. (AC +1)
You have tough skin. (AC +1)


Message History

You open the door.
There is an open door here.
As you open the door, it creaks loudly!
This spell is dangerous to cast!
Memorise Wereblood, consuming 2 spell levels and leaving 3?
You start memorising the spell.
You continue memorising. x2
You finish memorising.
Spell assigned to 'b'.
This spell is quite dangerous to cast!
Memorise Spider Form, consuming 3 spell levels and leaving 0?
You start memorising the spell.
You continue memorising. x3
You finish memorising.
Spell assigned to 'c'.
Casting: Beastly Appendage (safe; 16% risk of failure)
Confirm with . or Enter, or press ? or * to list all spells.
You grow a pair of large bovine horns.
Your feet morph into talons.
Okay, then.
Your transformation is almost over.
Your horns disappear.
Your talons disappear.
Magic restored.
Trog sends monsters to punish you. The divine experience confuses you!
You are confused. 2 polar bears and 3 black bears come into view.
You bump into the rock wall.
You scratch the black bear but do no damage.
The polar bear rages.
You bump into the rock wall.
The polar bear bites you!!
Ouch! That really hurt!
The polar bear claws you. x2
* * * LOW HITPOINT WARNING * * *
The black bear rages.
The polar bear closely misses you. The polar bear claws you.
* * * LOW HITPOINT WARNING * * *
The polar bear claws you.
* * * LOW HITPOINT WARNING * * *
The black bear rages.
The polar bear bites you but does no damage.
The polar bear closely misses you.
The polar bear claws you but does no damage.
You bump into the rock wall.
The polar bear bites you!!
Ouch! That really hurt!
You die...

#.......#
#...#.##..†###.#...
#.......#
#.....##...........
###.......#
#...........##.#...
..........#
#...........##.....
..........#
#......>..[..#....#
..........#
#..........#.#....#
#...#.....#
#hhh#......#.#..<.#
#...#.....#
##h##...........#.#
#...#.....#
#@##...####.......
#...#.....# #h##...#
#...##.# #...#######
#.##...# #...#..<
#...#
#.##...####.#.#...
#...#
#####'##....†...#.#...
#...........#####..#..
#...........# #.....
#...<.......# ##....
####### #...........#
##...


You could see 2 polar bears and 3 black bears.

Vanquished Creatures
  2 adders (D:2)
  A worm (D:2)
  5 endoplasms
  A giant cockroach (D:1)
  6 goblins
  5 hobgoblins
  8 jackals (D:1)
  A quokka (D:2)
  2 ball pythons
  4 bats (D:1)
  A frilled lizard (D:2)
  3 kobolds (D:1)
  6 rats (D:1)
45 creatures vanquished.

Notes
Turn   | Place    | Note
-------+----------+-------------------------------------------
     0 | D:1      | L33tCrusader the Troll Transmuter began the quest for the
                  | Orb.
     0 | D:1      | Reached XP level 1. HP: 18/18 MP: 1/1
    66 | D:1      | Reached XP level 2. HP: 26/26 MP: 3/3
   268 | D:1      | Found a faded altar of an unknown god.
   302 | D:1      | Prayed at the altar of an unknown god.
   302 | D:1      | Became a worshipper of Trog the Wrathful
   302 | D:1      | Reached * piety under Trog
   317 | D:1      | Reached skill level 1 in Fighting
   420 | D:1      | Fell from the grace of Trog
   426 | D:1      | Reached XP level 3. HP: 33/33 MP: 4/4
  1238 | D:2      | Reached XP level 4. HP: 41/41 MP: 5/5
  1357 | D:2      | Learned a level 2 spell: Wereblood
  1361 | D:2      | Learned a level 3 spell: Spider Form
  1373 | D:2      | Noticed a black bear
  1373 | D:2      | Noticed a polar bear
  1373 | D:2      | Noticed a black bear
  1373 | D:2      | Noticed a polar bear
  1373 | D:2      | Noticed a black bear
  1376 | D:2      | Demolished by a polar bear

Illustrated notes

Levels and vault maps discovered:
D:1:      eino_arrival_water_cross, layout_loops_corners,
          hellmonk_ecumenical_altar_dog_temple, minmay_3d_cube
D:2:      layout_basic, hex_intersection

Skill      XL: |  1  2  3 |
---------------+----------+-----
Fighting       | 1 |  1.2
Dodging        | 2 |  2.0
Unarmed Combat | |  3.6
Spellcasting   | |  1.6
Transmutations | |  1.9

Action                   |  1- 3 |  4- 6 || total
-------------------------+-------+-------++-------
Melee: Unarmed           |   117 |     5 ||   122
       Punch             |     3 |       ||     3
 Cast: Beastly Appendage |       |     1 ||     1
Invok: Renounce Religion |     1 |       ||     1
  Use: Scroll            |     8 |       ||     8
Armor: Robe              |    39 |     4 ||    43
Dodge: Dodged            |    68 |     2 ||    70
